 Dungeon Crawl Stone Soup version 0.31-a0-543-geaa9c7a2c0 (webtiles) character file.

Game seed: 13484024061708677558

6640 GordonOverkill the Fighter (level 11, -6/62 HPs)
             Began as a Vine Stalker Delver on Aug 15, 2023.
             Was a Priest of Trog.
             Mangled by a vampire
             ... wielding a +0 morningstar
              (15 damage)
             ... on level 8 of the Dungeon.
             The game lasted 00:18:27 (7617 turns).

GordonOverkill the Fighter (Vine Stalker Delver)    Turns: 7617, Time: 00:18:28

Health: -6/62      AC: 11    Str: 20    XL:     11   Next: 2%
Magic:  0/16       EV:  9    Int: 10    God:    Trog [***...]
Gold:   547        SH: 19    Dex: 12    Spells: 16/16 levels left

rFire   . . .        w - +2 whip (venom)
rCold   + . .        y - +0 tower shield
rNeg    + . .        G - +0 acid dragon scales
rPois   +            p - +2 hat
rElec   +            (no cloak)
rCorr   +            d - +2 pair of gloves
SInv    .            (no boots)
Will    +....        b - amulet of reflection
Stlth   +++          E - ring of protection from cold
HPRegen 1.10/turn    z - ring "Hemic" {rElec rPois rN+ Dex-3 Slay+3}
MPRegen 0.15/turn

%: reflection, guardian spirit
@: about to teleport, on berserk cooldown, slowed, very slow
A: fangs 3, regeneration 1, magic shield, antimagic bite, no potion heal 2
a: Renounce Religion, Berserk, Trog's Hand


You were on level 8 of the Dungeon.
You worshipped Trog.
Trog was most pleased with you.
You visited 1 branch of the dungeon, and saw 8 of its levels.
You also visited: Sewer.

You collected 605 gold pieces.
You spent 58 gold pieces at shops.

Inventory:

Hand Weapons
 q - a +0 hand axe of freezing
 r - a +1 morningstar of freezing
 w - a +2 whip of venom (weapon)
 D - a +1 flail of draining
 F - a +0 broad axe
Missiles
 l - 27 poisoned darts (quivered)
 v - a curare-tipped dart
Armour
 d - a +2 pair of gloves (worn)
 p - a +2 hat (worn)
 y - a +0 tower shield (worn)
 G - +0 acid dragon scales (worn)
Jewellery
 a - a ring of positive energy
 b - an amulet of reflection (around neck)
 z - the ring "Hemic" (right hand) {rElec rPois rN+ Dex-3 Slay+3}
   (You took it off a wight on level 6 of the Dungeon)

   [ring of poison resistance]

   Dex-3:     It affects your dexterity (-3).
   Slay+3:    It affects your accuracy & damage with ranged weapons and melee
   (+3).
   rElec:     It insulates you from electricity.
   rPois:     It protects you from poison rN+: It protects you from negative
   energy.
 E - a ring of protection from cold (left hand)
Wands
 g - a wand of digging (1)
 C - a wand of polymorph (10)
Scrolls
 c - a scroll of fog
 h - 3 scrolls of revelation
 j - a scroll of enchant armour {unknown}
 k - a scroll of immolation {unknown}
 x - a scroll of torment {unknown}
 B - a scroll of poison {unknown}
Potions
 e - a potion of lignification
 f - 2 potions of mutation {unknown}
 m - 3 potions of haste
 n - a potion of invisibility
 o - 2 potions of resistance
 t - a potion of berserk rage
 u - 2 potions of curing


   Skills:
 + Level 9.4 Fighting
 - Level 0.5 Short Blades
 - Level 8.0 Maces & Flails
 - Level 2.0 Throwing
 - Level 3.0 Dodging
 - Level 6.0 Stealth
 - Level 8.0 Shields
 - Level 3.0 Spellcasting


You had 16 spell levels left.
You didn't know any spells.
Your spell library was empty.

Dungeon Overview and Level Annotations

Branches:
Dungeon (8/15)             Temple (0/1) D:6           Sewer (visited)
   Lair: D:8-11

Altars:
Cheibriados
Elyvilon
Trog

Shops:
D:5 [

Annotations:
D:4 1 runed translucent door, Crazy Yiuf
D:7 3 runed translucent doors, GordonOverkill's ghost, novice VSDe; Pascal76's ghost, novice GrGl; kuzmorgo's ghost, novice GnCA; wazuzuz's ghost, novice HOMo


Innate Abilities, Weirdness & Mutations

You have razor-sharp teeth.
Your natural rate of healing is unusually fast.
When hurt, damage is shared between your health and your magic reserves.
Your bite disrupts and absorbs the magic of your enemies.
Potions cannot restore your health.


Message History

You barely miss something. You bite something. Something hits you.
* * * LOW HITPOINT WARNING * * *
You block something's attack.
You closely miss something. Something hits you.
* * * LOW HITPOINT WARNING * * *
Something bites you.
* * * LOW HITPOINT WARNING * * *
You block something's attack. Something bites you but does no damage.
You hit something. Your bite misses something.
Your skin stops crawling.
You feel less strong-willed. Something hits you.
* * * LOW HITPOINT WARNING * * *
Something bites you.
* * * LOW HITPOINT WARNING * * *
Something draws strength from your injuries!
There is a strange disturbance nearby!
There is a strange disturbance nearby!
There is a strange disturbance nearby!
There is a strange disturbance nearby!
There is a strange disturbance nearby!
There is a strange disturbance nearby!
There is a strange disturbance nearby!
There is a strange disturbance nearby!
You hit something. Something hits you but does no damage. Something bites you.
* * * LOW HITPOINT WARNING * * *
Something draws strength from your injuries!
You block something's attack. Something bites you but does no damage.
You miss something. You bite something. Something hits you!
* * * LOW HITPOINT WARNING * * *
Something bites you!
* * * LOW HITPOINT WARNING * * *
Something draws strength from your injuries!
As you read the scroll of teleportation, it crumbles to dust.
You feel strangely unstable. You block something's attack.
Something completely misses you. Something hits you!
* * * LOW HITPOINT WARNING * * *
Something bites you but does no damage. Something hits you!
You die...

## #.# #.# #.# ### .
#.# ##)##### ... #.##
##......##### o...
#@###...........##
....#
##.#..............
..)Q#
###o..............
#..##g)###############
#..g.## ##.gog##
#.z....# #.....#..#
#....>###....


You could see an orc warrior.

Vanquished Creatures
  A tengu warrior (D:8)
  2 two-headed ogres
  A manticore (D:8)
  Maggie (D:7)
  A yak (D:8)
  4 vampire mosquitoes
  Menkaure (D:7)
  2 acid dragons
  4 water moccasins
  2 ice beasts (D:6)
  3 sky beasts
  An ogre (D:6)
  3 centaurs (D:6)
  2 phantoms (D:6)
  3 kobold brigands
  3 bullfrogs
  5 scorpions
  8 wights
  3 howler monkeys
  2 gnoll boudas
  3 hounds
  A jelly (D:7)
  A sleepcap (D:6)
  4 orc wizards (D:7)
  12 adders
  10 gnolls
  6 river rats
  2 shadow imps
  2 white imps
  An ufetubus (D:5)
  2 worms (D:2)
  2 dart slugs
  20 orcs
  9 ball pythons
  7 endoplasms
  5 giant cockroaches
  9 goblins
  12 hobgoblins
  4 jackals (D:4)
  24 kobolds
  2 quokkas
  7 bats
  3 frilled lizards
  28 rats
228 creatures vanquished.

Notes
Turn   | Place    | Note
-------+----------+-------------------------------------------
     0 | D:5      | GordonOverkill the Vine Stalker Delver began the quest for
                  | the Orb.
     0 | D:5      | Reached XP level 1. HP: 11/11 MP: 2/2
   269 | D:4      | Found a glowing drain.
   291 | D:4      | Reached skill level 3 in Fighting
   291 | D:4      | Reached XP level 2. HP: 3/16 MP: 0/3
   381 | D:4      | Reached XP level 3. HP: 3/21 MP: 0/4
   459 | Sewer    | Entered a sewer
   543 | Sewer    | Reached skill level 4 in Fighting
   633 | Sewer    | Gained mutation: Your natural rate of healing is unusually
                  | fast. [Vine Stalker growth]
   633 | Sewer    | Reached XP level 4. HP: 15/26 MP: 5/5
   778 | Sewer    | Noticed a kobold brigand
   790 | Sewer    | Killed a kobold brigand
   791 | Sewer    | Reached skill level 5 in Fighting
   791 | Sewer    | Reached skill level 1 in Spellcasting
   791 | Sewer    | Reached XP level 5. HP: 29/30 MP: 4/8
   942 | Sewer    | Noticed a kobold brigand
   951 | Sewer    | Killed a kobold brigand
   952 | Sewer    | Reached skill level 1 in Throwing
   952 | Sewer    | Reached XP level 6. HP: 34/35 MP: 10/10
  1290 | D:4      | Found a runed translucent door.
  1291 | D:4      | Noticed Crazy Yiuf
  1342 | D:4      | Found a bloodstained altar of Trog.
  1445 | D:4      | Identified the +0 ring mail of the Chewing Gods {Harm rC-
                  | Dex+8}
  1461 | D:4      | Became a worshipper of Trog the Wrathful
  2515 | D:1      | Reached * piety under Trog
  4193 | D:3      | Found a snail-covered altar of Cheibriados.
  4365 | D:3      | Reached ** piety under Trog
  4379 | D:3      | Reached XP level 7. HP: 39/39 MP: 10/12
  5184 | D:5      | Found Farau's Armour Boutique.
  5356 | D:5      | Bought a +0 tower shield for 58 gold pieces
  5571 | D:6      | Reached skill level 1 in Shields
  5621 | D:6      | Noticed a vampire mosquito
  5621 | D:6      | Noticed a vampire mosquito
  5621 | D:6      | Noticed a vampire mosquito
  5634 | D:6      | Killed a vampire mosquito
  5635 | D:6      | Gained mutation: You have razor-sharp teeth. [Vine Stalker
                  | growth]
  5635 | D:6      | Reached XP level 8. HP: 43/43 MP: 13/13
  5638 | D:6      | Reached skill level 5 in Maces & Flails
  5799 | D:6      | Reached XP level 9. HP: 47/47 MP: 14/14
  5855 | D:6      | Reached skill level 5 in Shields
  5860 | D:6      | Identified the ring "Hemic" {rElec rPois rN+ Dex-3 Slay+3}
  5895 | D:6      | Noticed a two-headed ogre
  5908 | D:6      | Killed a two-headed ogre
  6059 | D:6      | Found a white marble altar of Elyvilon.
  6202 | D:6      | Found a staircase to the Ecumenical Temple.
  6210 | D:6      | Reached XP level 10. HP: 51/51 MP: 15/15
  6607 | D:7      | Reached *** piety under Trog
  6677 | D:7      | Noticed Menkaure
  6679 | D:7      | Noticed Maggie
  6862 | D:7      | Found a runed translucent gate.
  6862 | D:7      | Found a runed translucent gate.
  6862 | D:7      | Noticed Pascal76's ghost (novice GrGl)
  6863 | D:7      | Found a runed translucent gate.
  6863 | D:7      | Noticed kuzmorgo's ghost (novice GnCA)
  6863 | D:7      | Noticed wazuzuz's ghost (novice HOMo)
  6864 | D:7      | Noticed GordonOverkill's ghost (novice VSDe)
  6940 | D:7      | Killed Maggie
  7014 | D:7      | Killed Menkaure
  7015 | D:7      | Reached skill level 6 in Fighting
  7373 | D:8      | Noticed a manticore
  7381 | D:8      | Reached skill level 7 in Fighting
  7391 | D:8      | Killed a manticore
  7430 | D:8      | Noticed a two-headed ogre
  7448 | D:8      | Killed a two-headed ogre
  7449 | D:8      | Reached skill level 8 in Fighting
  7574 | D:8      | Noticed a tengu warrior
  7602 | D:8      | Killed a tengu warrior
  7603 | D:8      | Reached skill level 9 in Fighting
  7603 | D:8      | Reached XP level 11. HP: 42/62 MP: 16/16
  7617 | D:8      | Mangled by a vampire

Illustrated notes

Levels and vault maps discovered:
D:1:      dpeg_arrival_chambers_temple_mockup, layout_loops_corners,
          minmay_close_crescents
D:2:      layout_basic, kennysheep_cross_bottleneck, kennysheep_generic_room_13
D:3:      layout_basic, lemuel_coloured_pillars_altar, minmay_between
D:4:      layout_cave_pools, mainiacjoe_overflow_alcove_2, portal_sewer_entry_b,
          uniq_crazy_yiuf_cottage
D:5:      layout_cave_pools, serial_shops, nicolae_inconvenience_store
D:6:      minmay_octagon_keep, layout_basic, elyvilon_altar_5,
          minmay_temple_entry_mini_moons
D:7:      layout_gridville, gammafunk_ghost_cemetery, nicolae_nh_ransacked_shop,
          uniq_maggie, uniq_menkaure
D:8:      minmay_the_grid_square_5x5_3x3
          [minmay_the_grid_square_5x5_half_checkered,
          minmay_the_grid_square_5x5_detours,
          minmay_the_grid_square_5x5_misaligned,
          minmay_the_grid_square_5x5_minivault,
          minmay_the_grid_square_5x5_megaprize_diamond,
          minmay_the_grid_square_5x5_hollow_slash,
          minmay_the_grid_square_5x5_fat_x,
          minmay_the_grid_square_5x5_eight_small,
          minmay_the_grid_square_5x5_slash], layout_cave_pods, minmay_bent

Skill      XL: |  1  2  3  4  5  6  7  8  9 10 |
---------------+-------------------------------+-----
Fighting       | 3 4 5 9 |  9.4
Spellcasting   | 1 2 3 |  3.0
Throwing       | 1 2 |  2.0
Dodging        | 2 3 |  3.0
Maces & Flails | 2 4 6 8 |  8.0
Shields        | 1 4 7 8 |  8.0
Short Blades   | |  0.5
Stealth        | |  6.0

Action                     |  1- 3 |  4- 6 |  7- 9 | 10-12 || total
---------------------------+-------+-------+-------+-------++-------
  Melee: Mace              |    58 |   158 |       |       ||   216
         Bite              |    12 |    69 |    61 |    55 ||   197
         Whip              |       |    79 |   175 |   172 ||   426
         Dagger            |       |    50 |       |       ||    50
         Punch             |       |     5 |       |       ||     5
  Throw: Dart              |       |    11 |     3 |       ||    14
 Invoke: Berserk           |       |       |     5 |     6 ||    11
         Trog's Hand       |       |       |       |     1 ||     1
  Evoke: Wand              |     1 |       |       |     1 ||     2
    Use: Scroll            |     2 |     4 |     3 |     4 ||    13
         Potion            |     1 |       |       |       ||     1
   Stab: Sleeping          |     2 |    15 |       |       ||    17
         Distracted        |       |     1 |       |       ||     1
 Armour: Leather armour    |    22 |   153 |       |       ||   175
         Chain mail        |       |     7 |    45 |    29 ||    81
         Acid dragon scale |       |       |       |    19 ||    19
  Dodge: Dodged            |    36 |   225 |    21 |    25 ||   307
  Block: Other             |       |     3 |     8 |       ||    11
         Tower shield      |       |       |   119 |   177 ||   296
         Reflection        |       |       |     6 |     3 ||     9

Table legend: (Time is in decaauts)
 A = Elapsed time spent in this place.
 B = Non-inter-level travel time spent in this place.
 C = Inter-level travel time spent in this place.
 D = Time resting spent in this place.
 E = Time spent auto-exploring this place.
 F = Levels seen in this place.
 G = Mean time per level.
                   A        B        C        D        E       F      G
               +--------+--------+--------+--------+--------+-----+--------+
         Total |   7750 |   7344 |    406 |    841 |   4219 |   9 |  861.1 |
       Dungeon |   7168 |   6762 |    406 |    782 |   4137 |   8 |  896.0 |
         Sewer |    582 |    582 |      0 |     59 |     82 |   1 |  582.0 |
               +--------+--------+--------+--------+--------+-----+--------+

Top non-repeatable levels by time:
     D:4: 1207 daAuts
     D:6: 1130 daAuts
     D:3: 1051 daAuts
     D:2: 1039 daAuts
     D:1: 939 daAuts
     D:5: 751 daAuts
     D:7: 746 daAuts
   Sewer: 582 daAuts
     D:8: 302 daAuts
